 Dungeon Crawl Stone Soup version 0.24-a0-693-g39a19ac0f1 (webtiles) character file.

Game seed: 17075535610268282415, levelgen mode: deterministic

278 Inectha the Archer (level 6, 0/50 HPs)
             Began as a Centaur Hunter on Sept 28, 2019.
             Slain by an orc wizard
             ... wielding a +0 dagger
              (2 damage)
             ... on level 2 of the Dungeon.
             The game lasted 00:32:58 (2579 turns).

Inectha the Archer (Centaur Hunter)                 Turns: 2579, Time: 00:32:59

Health: 0/50       AC:  5    Str: 14    XL:     6   Next: 5%
Magic:  6/6        EV:  8    Int: 10    God:
Gold:   93         SH:  0    Dex: 12    Spells: 5/5 levels left

rFire    . . .     SeeInvis .   a - +1 shortbow
rCold    . . .     Gourm    .   (shield currently unavailable)
rNeg     + . .     Faith    .   l - +0 ring mail
rPois    .         Spirit   .   (no helmet)
rElec    .         Reflect  .   (no cloak)
rCorr    .         Harm     .   (no gloves)
MR       .....                  (no barding)
Stlth    ..........             (no amulet)
HPRegen  0.16/turn              g - ring of positive energy
MPRegen  0.10/turn              (no ring)

@: about to teleport, slowed
A: large, hooves 3, deformed body, speed 2, tough skin 3
a: no special abilities


You were on level 2 of the Dungeon.
You were not hungry.

You visited 1 branch of the dungeon, and saw 3 of its levels.

You collected 93 gold pieces.

Inventory:

Hand Weapons
 a - a +1 shortbow (weapon)
 b - a +0 short sword
 q - a +0 scythe
 s - a +0 hunting sling
Missiles
 d - 4 arrows (quivered)
 o - 47 stones
Armour
 c - a +0 leather armour
 l - a +0 ring mail (worn)
Jewellery
 g - a ring of positive energy (left hand)
 n - a cursed ring of attention {unknown}
Scrolls
 e - a scroll of magic mapping {unknown}
 k - a scroll of teleportation
 m - a scroll of blinking {unknown}
Potions
 i - a potion of might {unknown}
 j - a potion of brilliance
 p - a potion of ambrosia {unknown}
 r - a potion of curing {unknown}
Comestibles
 f - 5 rations


   Skills:
 + Level 2.9 Fighting
 + Level 1.0 Short Blades
 + Level 8.2 Bows
 + Level 1.4 Armour
 + Level 1.6 Dodging
 + Level 0.5 Stealth


You had 5 spell levels left.
You didn't know any spells.
Your spell library was empty.

Dungeon Overview and Level Annotations

Branches:
Dungeon (3/15)

Altars:

Annotations:
D:3 Natasha


Innate Abilities, Weirdness & Mutations

You have hooves in place of feet.
Armour fits poorly on your strangely shaped body.
You cover ground very quickly.
You have extremely tough skin. (AC +3)


Message History

The orc wizard casts a spell at you. The magic dart hits you.
* * * LOW HITPOINT WARNING * * *
Natasha casts a spell at you.
You feel yourself slow down.
There is a stone staircase leading up here.
Things that are here:
2 arrows; a stone Natasha mewls in sadness.
The orc wizard hits you with a +0 dagger.
* * * LOW HITPOINT WARNING * * *
You climb upwards.
Reactivating autopickup.
There is a stone staircase leading down here.
Okay, then.
As you read the scroll of teleportation, it crumbles to dust.
You feel strangely unstable.
The orc wizard looks braver for a moment.
The orc wizard hits you with a +0 dagger.
You die...

#######....+..........'รท
#.........##..........##
#.........##..........##
#.........########....##
#.........# #....##
#######'### #......
#....# ######......
#....###......###..
#o@..'.'......'.'..
#....###......###..
##'### #......# #..
#########.# #......# #..
#.........# #......# #..
#.#############......#
#..
#.#....#..>.<##......#
#..
#.#.##.#.######......#
#..
#)#.##.#.#############
###


You could see an orc wizard.

Vanquished Creatures
  Sigmund (D:3)
  An orc priest (D:3)
  4 adders (D:2)
  2 dart slugs (D:1)
  2 orcs
  A ball python (D:1)
  3 bats
  2 giant cockroaches (D:2)
  7 hobgoblins
  A quokka (D:3)
  5 frilled lizards
  7 goblins
  9 kobolds
  A quokka skeleton (D:2)
  7 rats
53 creatures vanquished.

Notes
Turn   | Place    | Note
-------+----------+-------------------------------------------
     0 | D:1      | Inectha the Centaur Hunter began the quest for the Orb.
     0 | D:1      | Reached XP level 1. HP: 17/17 MP: 1/1
   285 | D:1      | Reached XP level 2. HP: 23/24 MP: 2/2
   303 | D:1      | Reached skill level 6 in Bows
   864 | D:2      | Reached XP level 3. HP: 29/29 MP: 3/3
  1624 | D:2      | Reached XP level 4. HP: 36/36 MP: 4/4
  2095 | D:3      | Noticed Sigmund
  2108 | D:3      | Killed Sigmund
  2108 | D:3      | Reached skill level 1 in Short Blades
  2108 | D:3      | Reached skill level 8 in Bows
  2108 | D:3      | Reached skill level 1 in Armour
  2108 | D:3      | Reached XP level 5. HP: 40/44 MP: 5/5
  2497 | D:3      | Noticed Natasha
  2537 | D:3      | Reached XP level 6. HP: 16/50 MP: 6/6
  2575 | D:3      | HP: 2/50 [orc wizard/magic dart (6)]
  2579 | D:2      | Slain by an orc wizard

Levels and vault maps discovered:
D:1:      ncdulo_lavacross, layout_basic
D:2:      layout_basic, chequers_serial_rivers_micro_a
D:3:      minmay_razor_zed, layout_basic, uniq_sigmund, uniq_natasha

Skill      XL: |  1  2  3  4 |
---------------+-------------+-----
Bows           | 6 8 |  8.2
Short Blades   | 1 |  1.0
Armour         | 1 |  1.4
Fighting       | |  2.9
Dodging        | |  1.6
Stealth        | |  0.5

Action                   |  1- 3 |  4- 6 || total
-------------------------+-------+-------++-------
Melee: Short sword       |    62 |     1 ||    63
       Kick              |     3 |       ||     3
 Fire: Shortbow          |    73 |    63 ||   136
  Use: Scroll            |     4 |     1 ||     5
       Potion            |     1 |     1 ||     2
  Eat: Chunk             |     1 |     1 ||     2
       Ration            |       |     1 ||     1
Armor: Leather armour    |    11 |       ||    11
       Ring mail         |    29 |    18 ||    47
Dodge: Dodged            |    39 |     8 ||    47

Table legend:
 A = Non-vault XP
 B = Vault XP
 C = Vault XP percentage of total XP
 D = Non-vault monster count
 E = Vault monster count
 F = Vault count percentage of total count
                 A         B        C        D         E       F
            +---------+---------+-------+---------+---------+-------
      Total |     175 |     223 |  56.0 |      52 |       1 |   1.9
            +---------+---------+-------+---------+---------+-------
        D:1 |      36 |       0 |   0.0 |      21 |       0 |   0.0
        D:2 |      79 |       0 |   0.0 |      21 |       0 |   0.0
        D:3 |      60 |     223 |  78.8 |      10 |       1 |   9.1
            +---------+---------+-------+---------+---------+-------
